 Dungeon Sprint DCSS version 0.27-a0-93-g19769c27d7 (webtiles) character file.

Game seed: 5634525390888392401

68503 mhtbhm the Archmage (level 14, -5/75 HPs)
             Began as a Deep Elf Earth Elementalist on Jan 16, 2021.
             Was the Champion of Vehumet.
             Slain by a swamp dragon (glowing shapeshifter) (14 damage)
             ... in the Dungeon (Sprint III: "The Ten Rune Challenge").
             The game lasted 00:18:52 (5832 turns).

mhtbhm the Archmage (Deep Elf Earth Elementalist)   Turns: 5832, Time: 00:18:54

Health: -5/75      AC: 10    Str: 11    XL:     14   Next: 38%
Magic:  17/47      EV: 20    Int: 26    God:    Vehumet [******]
Gold:   498        SH:  5    Dex: 17    Spells: 29/67 levels left

rFire    + + +     SeeInvis +   a - +6 shillelagh "Devastator" {shatter}
rCold    + + +     Faith    .   (no shield)
rNeg     + . .     Spirit   .   c - +2 robe {rN+}
rPois    +         Reflect  +   i - +0 hat {Will+}
rElec    .         Harm     .   F - +1 cloak "Bumato" {rF+ Str+2}
rCorr    .         Rampage  .   (no gloves)
Will     ++...     NoTele   +   (no boots)
Stlth    +++.......             v - amulet "Conim" {Reflect rF+ SH+5}
HPRegen  0.22/turn              w - ring "Ydeiggou" {rPois rC+++ Str+4 SInv}
MPRegen  0.30/turn              t - +4 ring of protection

@: no status effects
A: horns 1, agile 1, fire resistance 1, subdued magic 1
}: 1/10 runes: serpentine
a: Renounce Religion


You were in the Dungeon.
You worshipped Vehumet.
Vehumet was exalted by your worship.
You visited 1 branch You collected 2028 gold pieces.
You spent 1530 gold pieces at shops.

Inventory:

Hand Weapons
 a - the +6 shillelagh "Devastator" (weapon) {shatter}
   (You found it in the Dungeon)
Missiles
 b - 32 stones
 o - 7 curare-tipped darts
Armour
 c - a +2 robe of positive energy (worn)
 i - a +0 hat of willpower (worn)
 D - the +1 pair of gloves "Naparir" {Harm}
   (You bought it in a shop in the Dungeon)

   It increases damage dealt and taken.
 E - a scarf of repulsion
 F - the +1 cloak "Bumato" (worn) {rF+ Str+2}
   (You acquired it in the Dungeon)

   It affects your strength (+2).
   It protects you from fire.
Magical Staves
 z - an uncursed staff of fire
Jewellery
 r - an uncursed amulet of magic regeneration
 t - a +4 ring of protection (right hand)
 v - the amulet "Conim" (around neck) {Reflect rF+ SH+5}
   (You found it in the Dungeon)

   [amulet of reflection]

   It shields you and reflects attacks.
   It protects you from fire.
   It affects your SH (+5).
 w - the ring "Ydeiggou" (left hand) {rPois rC+++ Str+4 SInv}
   (You found it in the Dungeon)

   [ring of see invisible]

   It affects your strength (+4).
   It renders you almost immune to cold.
   It protects you from poison.
   It lets you see invisible.
 H - the amulet of Life {rN+ Regen+ SInv}
   (You found it in the Dungeon)

   [amulet of regeneration]

   It protects you from negative energy.
   It lets you see invisible.
   It increases your rate of regeneration.
Wands
 u - a wand of acid (6)
 G - a wand of paralysis (7)
Scrolls
 j - 4 scrolls of identify
 l - 2 scrolls of immolation {unknown}
 m - a scroll of holy word
 s - 5 scrolls of amnesia {unknown}
 y - 2 scrolls of remove curse {unknown}
Potions
 d - 3 potions of curing
 e - 2 potions of heal wounds
 f - 2 potions of haste
 g - 4 potions of magic
 h - 2 potions of berserk rage
 k - 3 potions of mutation
 n - a potion of invisibility {unknown}
 p - a potion of might
 B - a potion of ambrosia {unknown}
 C - a potion of attraction {unknown}
Miscellaneous
 q - a phantom mirror
 x - a condenser vane
 A - a box of beasts


   Skills:
 + Level 3.7 Fighting
 + Level 4.3 Maces & Flails
 + Level 10.7 Dodging
 - Level 6.0 Stealth
 + Level 4.2 Shields
 O Level 27 Spellcasting
 + Level 8.5 Conjurations
 + Level 6.8 Transmutations
 + Level 6.6 Fire Magic
 + Level 4.2 Air Magic
 O Level 27 Earth Magic
 + Level 3.8 Poison Magic
 + Level 2.3 Evocations


You had 29 spell levels left.
You knew the following spells:

 Your Spells              Type           Power        Failure   Level
a - Sandblast             Erth           100%         0%          1
b - Passwall              Tmut/Erth      63%          0%          2
c - Stone Arrow           Conj/Erth      100%         0%          3
d - Lee's Rapid Deconstr  Erth           47%          0%          5
e - Petrify               Tmut/Erth      76%          0%          4
f - Mephitic Cloud        Conj/Pois/Air  49%          1%          3
g - Bolt of Magma         Conj/Fire/Erth 35%          1%          5
h - Iron Shot             Conj/Erth      39%          1%          6
i - Shatter               Erth           47%          1%          9

Your spell library contained the following spells:

 Spells                   Type           Power        Failure   Level
 Absolute Zero            Ice            13%          100%        9
 Tornado                  Air            21%          100%        9
 Magic Dart               Conj           100%         0%          1
 Leda's Liquefaction      Hex/Erth       34%          0%          4
 Animate Skeleton         Necr           54%          1%          1
 Apportation              Tloc           54%          1%          1
 Corona                   Hex            30%          1%          1
 Summon Small Mammal      Summ           100%         1%          1
 Blink                    Tloc           N/A          1%          2
 Call Imp                 Summ           27%          1%          2
 Ensorcelled Hibernation  Hex/Ice        54%          1%          2
 Slow                     Hex            27%          1%          2
 Conjure Flame            Conj/Fire      55%          1%          3
 Inner Flame              Hex/Fire       40%          1%          3
 Portal Projectile        Hex/Tloc       54%          1%          3
 Sticky Flame             Conj/Fire      55%          1%          4
 Borgnjor's Vile Clutch   Necr/Erth      34%          1%          5
 Cause Fear               Hex            13%          6%          4
 Silence                  Hex/Air        17%          8%          5
 Ignition                 Fire           26%          58%         8
 Dispersal                Tloc           13%          73%         6
 Shadow Creatures         Summ           N/A          73%         6


Dungeon Overview and Level Annotations

Branches:
Dungeon (1/1)

Altars:
Cheibriados
Dithmenos
Elyvilon
Fedhas
Gozag
Hepliaklqana
Kikubaaqudgha
Makhleb
Nemelex Xobeh
Okawaru
Qazlal
Ru
Sif Muna
Trog
Uskayaw
Vehumet
Wu Jian
Xom
Yredelemnul
Zin
The Shining One
Beogh
Jiyva
Lugonu

Shops:
D =[!(}([!*?!:}=:

Annotations:
D Sojobo


Innate Abilities, Weirdness & Mutations

You have a pair of small horns on your head.
You are agile. (Dex +2)
Your flesh is heat resistant. (rF+)
Your spells are a little easier to cast, but a little less powerful.


Message History

Confirm with . or Enter, or press ? or * to list all spells.
Aiming: Lee's Rapid Deconstruction (safe; 0% risk of failure)
Press: ? - help, Dir - move target, p - Sojobo A metal wall, spattered with blood.
The metal wall shatters!
The blast of metal fragments hits Sojobo!!!
Sojobo is severely wounded.
Sojobo casts a spell at you. The bolt of lightning misses you.
Unknown command.
Casting: Lee's Rapid Deconstruction (safe; 0% risk of failure)
Confirm with . or Enter, or press ? or * to list all spells.
Okay, then.
You feel much better.
Sojobo hits you with a +1 vorpal morningstar!!
* * * LOW HITPOINT WARNING * * *
x2 Sojobo barely misses you.
Sojobo claws you.
* * * LOW HITPOINT WARNING * * *
The swamp dragon bites you!
You die...

. .#...§ §§ . .#... §. ..
....§§ §§.
#########..#§#..§#
#...#...#.○§.§§§§.
#...#...#§☼....§.
##..#...#QD.§§.).
###........@.†.....
##.#...###.#.##......
#####..'.#(....#).#......
....'..#####.#....# .D...
########.....#.##.. .....
#.∩⌠⌠∩.#.....#.#..#. .≈≈.
#.∩⌠⌠∩.#...#...'..#. .≈m≈
#..∩∩∩.#....)#.#..# .
#.∩∩∩∩.#.....#.#..#


You could see Sojobo (repels missiles) and a swamp dragon.

Vanquished Creatures
  Sigmund (D)
  Rupert (D)
  A deep elf blademaster (D)
  Gastronok (D)
  4 azure jellies (D)
  A nagaraja (D)
  2 deep elf demonologists (D)
  2 dire elephants (D)
  2 deep elf annihilators (D)
  2 deep elf high priests (D)
  A fire dragon (D)
  A yaktaur captain (D)
  A naga warrior (D)
  Erica (D)
  2 anacondas (D)
  2 centaur warriors (D)
  4 death yaks (D)
  4 dancing weapons (D)
  Urug (D)
  A deep elf knight (D)
  A swamp dragon (shapeshifter) (D)
  2 unseen horrors (D)
  A lindwurm (D)
  An orc knight (D)
  An obsidian statue (D)
  4 crystal guardians (D)
  2 ugly things (D)
  5 deep elf magi (D)
  An orc sorcerer (D)
  7 black mambas (D)
  2 elephants (D)
  A shining eye (shapeshifter) (D)
  A guardian serpent (D)
  A moth of wrath (shapeshifter) (D)
  A water nymph (shapeshifter) (D)
  4 statues (D)
  Edmund (D)
  2 cane toads (D)
  A komodo dragon (D)
  A rime drake (D)
  3 wandering mushrooms (D)
  4 spriggan defenders (D)
  A queen bee (D)
  2 tyrant leeches (D)
  2 slime creatures (D)
  8 blink frogs (D)
  3 redbacks (D)
  A shadow (D)
  A spatial vortex (D)
  2 nagas (D)
  A water moccasin (D)
  4 orc warriors (D)
  A necrophage (D)
  A swamp drake (D)
  2 centaurs (D)
  An earth elemental (D)
  A water elemental (D)
  32 killer bees (D)
  A jelly (D)
  6 orc priests (D)
  A wizard (D)
  Jessica (D)
  A necromancer (D)
  3 humans (D)
  A kobold demonologist (D)
  3 adders (D)
  An ooze (D)
  A phantom (D)
  10 orcs (D)
  A rat (D)
  8 bushes (D)
183 creatures vanquished.

Vanquished Creatures (others)
  A hydra (D)
  A death drake (D)
  14 plants (D)
16 creatures vanquished.

Grand Total: 199 creatures vanquished

Notes
Turn   | Place    | Note
-------+----------+-------------------------------------------
     0 | D        | mhtbhm the Deep Elf Earth Elementalist began the quest for
                  | the Orb.
     0 | D        | Reached XP level 1. HP: 10/10 MP: 6/6
   173 | D        | Noticed Jessica
   174 | D        | Killed Jessica
   175 | D        | Reached skill level 5 in Spellcasting
   175 | D        | Reached skill level 5 in Earth Magic
   175 | D        | Reached XP level 2. HP: 15/15 MP: 6/10
   175 | D        | Reached XP level 3. HP: 19/19 MP: 7/12
   265 | D        | Killed a seven-headed hydra
   304 | D        | Learned a level 2 spell: Passwall
   308 | D        | Learned a level 3 spell: Stone Arrow
   334 | D        | Gained mutation: Your flesh is heat resistant. (rF+)
                  | [potion of mutation]
   334 | D        | Gained mutation: You are agile. (Dex +2) [potion of
                  | mutation]
   334 | D        | Gained mutation: You have a pair of small horns on your
                  | head. [potion of mutation]
   351 | D        | Noticed a water elemental
   354 | D        | Killed a water elemental
   355 | D        | Reached XP level 4. HP: 24/24 MP: 9/15
   395 | D        | Found a radiant altar of Vehumet.
   395 | D        | Found a shimmering blue altar of Sif Muna.
   395 | D        | Found an ancient bone altar of Kikubaaqudgha.
   395 | D        | Noticed a wizard
   396 | D        | Killed a wizard
   397 | D        | Reached XP level 5. HP: 28/28 MP: 14/17
   407 | D        | Became a worshipper of Vehumet
   433 | D        | Learned a level 5 spell: Lee's Rapid Deconstruction
   438 | D        | Learned a level 4 spell: Petrify
   442 | D        | Learned a level 3 spell: Mephitic Cloud
   449 | D        | Found a glowing silver altar of Zin.
   449 | D        | Found a glowing golden altar of the Shining One.
   449 | D        | Found a white marble altar of Elyvilon.
   449 | D        | Noticed a deep elf mage
   452 | D        | Killed a deep elf mage
   453 | D        | Reached skill level 5 in Dodging
   453 | D        | Reached skill level 5 in Stealth
   453 | D        | Reached XP level 6. HP: 32/32 MP: 3/23
   453 | D        | Reached XP level 7. HP: 36/36 MP: 3/24
   562 | D        | Found a hide-covered altar of Uskayaw.
   562 | D        | Found a roughly hewn altar of Beogh.
   562 | D        | Found an iron altar of Okawaru.
   562 | D        | Found a bloodstained altar of Trog.
   562 | D        | Found an ornate altar of the Wu Jian Council.
   562 | D        | Noticed a human
   562 | D        | Noticed a human
   564 | D        | Killed a human
   566 | D        | Killed a human
   566 | D        | Reached * piety under Vehumet
   566 | D        | Offered knowledge of Foxfire by Vehumet.
   619 | D        | Found a basalt altar of Yredelemnul.
   619 | D        | Found a shadowy altar of Dithmenos.
   619 | D        | Found a sacrificial altar of Ru.
   754 | D        | Noticed a shadow
   755 | D        | Offered knowledge of Searing Ray by Vehumet.
   755 | D        | Reached ** piety under Vehumet
   757 | D        | Killed a shadow
   758 | D        | Reached XP level 8. HP: 41/41 MP: 6/28
   835 | D        | Found a blossoming altar of Fedhas.
   835 | D        | Found a stormy altar of Qazlal.
   835 | D        | Found a snail-covered altar of Cheibriados.
   835 | D        | Found a burning altar of Makhleb.
   835 | D        | Found a shimmering altar of Xom.
   836 | D        | Found a hazy altar of Hepliaklqana.
   836 | D        | Found an opulent altar of Gozag.
   836 | D        | Found a sparkling altar of Nemelex Xobeh.
   836 | D        | Found a corrupted altar of Lugonu.
   836 | D        | Found a viscous altar of Jiyva.
   841 | D        | Reached skill level 15 in Spellcasting
   921 | D        | Noticed Erica
   927 | D        | Killed Erica
   927 | D        | Offered knowledge of Frozen Ramparts by Vehumet.
   928 | D        | Reached skill level 1 in Conjurations
   928 | D        | Reached skill level 1 in Poison Magic
  1040 | D        | Reached *** piety under Vehumet
  1041 | D        | Reached skill level 15 in Earth Magic
  1041 | D        | Reached XP level 9. HP: 45/45 MP: 17/31
  1111 | D        | Noticed a centaur warrior
  1116 | D        | Offered knowledge of Fulminant Prism by Vehumet.
  1117 | D        | Killed a centaur warrior
  1195 | D        | Killed an unseen horror
  1195 | D        | Reached **** piety under Vehumet
  1196 | D        | Reached skill level 1 in Air Magic
  1200 | D        | Killed an unseen horror
  1370 | D        | Noticed a wandering mushroom
  1374 | D        | Noticed a wandering mushroom
  1377 | D        | Killed a wandering mushroom
  1377 | D        | Offered knowledge of Bolt of Magma by Vehumet.
  1378 | D        | Reached XP level 10. HP: 47/50 MP: 24/34
  1397 | D        | Learned a level 5 spell: Bolt of Magma
  1498 | D        | Reached ***** piety under Vehumet
  1498 | D        | Offered knowledge of Olgreb's Toxic Radiance by Vehumet.
  1502 | D        | Reached ****** piety under Vehumet
  1646 | D        | Found Wutom's Antique Weapon Shoppe.
  1646 | D        | Noticed an orc knight
  1646 | D        | Noticed an orc sorcerer
  1649 | D        | Offered knowledge of Freezing Cloud by Vehumet.
  1652 | D        | Killed an orc sorcerer
  1663 | D        | Killed an orc knight
  1846 | D        | Noticed a deep elf mage
  1846 | D        | Noticed a deep elf mage
  1846 | D        | Noticed a deep elf mage
  1846 | D        | Noticed a deep elf mage
  1846 | D        | Noticed a deep elf knight
  1852 | D        | Killed a deep elf mage
  1853 | D        | Reached XP level 11. HP: 55/55 MP: 33/38
  1857 | D        | Killed a deep elf knight
  1857 | D        | Offered knowledge of Eringya's Noxious Bog by Vehumet.
  1857 | D        | Killed a deep elf mage
  1863 | D        | Killed a deep elf mage
  1864 | D        | Killed a deep elf mage
  1971 | D        | Noticed a deep elf high priest
  1973 | D        | Killed a deep elf high priest
  1978 | D        | Noticed a deep elf annihilator
  1981 | D        | Killed a deep elf annihilator
  1981 | D        | Noticed a deep elf demonologist
  2236 | D        | Noticed a deep elf annihilator
  2247 | D        | Noticed a deep elf blademaster
  2248 | D        | Killed a deep elf annihilator
  2251 | D        | Noticed a deep elf demonologist
  2406 | D        | Identified the cursed +1 chain mail of Agoraphobia {Rampage
                  | Str+2 Int-3 Slay+3}
  2406 | D        | Noticed a deep elf high priest
  2408 | D        | Killed a deep elf demonologist
  2409 | D        | Reached skill level 1 in Fire Magic
  2409 | D        | Killed a deep elf high priest
  2415 | D        | Killed a deep elf demonologist
  2596 | D        | Killed a deep elf blademaster
  2596 | D        | Offered knowledge of Orb of Destruction by Vehumet.
  2597 | D        | Reached XP level 12. HP: 43/60 MP: 6/42
  2610 | D        | Found the +6 shillelagh "Devastator" {shatter}
  2620 | D        | Identified the Incunabulum of the Unstable Arsonist
  2628 | D        | Got a crude pewter amulet
  2628 | D        | Got a brightly glowing wooden ring
  2778 | D        | Identified the amulet "Conim" {Reflect rF+ SH+5} (You found
                  | it in the Dungeon)
  2778 | D        | Identified the ring "Ydeiggou" {rPois rC+++ Str+4 SInv}
                  | (You found it in the Dungeon)
  2857 | D        | Noticed Sigmund
  2857 | D        | Noticed Edmund
  2864 | D        | Killed Sigmund
  2865 | D        | Reached skill level 5 in Conjurations
  2865 | D        | Killed Edmund
  3057 | D        | Offered knowledge of Lightning Bolt by Vehumet.
  3246 | D        | Noticed Urug
  3258 | D        | Killed Urug
  3374 | D        | Offered knowledge of Conjure Ball Lightning by Vehumet.
  3437 | D        | Noticed Rupert
  3448 | D        | Killed Rupert
  3577 | D        | Noticed an azure jelly
  3577 | D        | Noticed an azure jelly
  3577 | D        | Noticed an azure jelly
  3577 | D        | Noticed an azure jelly
  3578 | D        | Noticed a dire elephant
  3578 | D        | Noticed a dire elephant
  3578 | D        | Noticed Gastronok
  3583 | D        | Reached skill level 1 in Evocations
  3583 | D        | Killed Gastronok
  3583 | D        | Killed a dire elephant
  3583 | D        | Offered knowledge of Iron Shot by Vehumet.
  3584 | D        | Reached skill level 1 in Fighting
  3584 | D        | Reached XP level 13. HP: 7/64 MP: 40/45
  3584 | D        | Killed a dire elephant
  3585 | D        | Reached skill level 27 in Spellcasting
  3877 | D        | Learned a level 6 spell: Iron Shot
  3891 | D        | Offered knowledge of Shatter by Vehumet.
  3891 | D        | Offered knowledge of Tornado by Vehumet.
  3891 | D        | Offered knowledge of Absolute Zero by Vehumet.
  4203 | D        | Reached skill level 1 in Shields
  4259 | D        | Learned a level 9 spell: Shatter
  4261 | D        | Noticed a nagaraja
  4263 | D        | Killed a nagaraja
  4424 | D        | Found Bumos's Jewellery Boutique.
  4424 | D        | Found Edunaitz's Antique Armour Emporium.
  4425 | D        | Found Haiv's Distillery.
  4433 | D        | Got a serpentine rune of Zot
  4464 | D        | Bought a potion of heal wounds for 60 gold pieces
  4541 | D        | Killed an azure jelly
  4541 | D        | Killed an azure jelly
  4542 | D        | Killed an azure jelly
  4544 | D        | Killed an azure jelly
  4545 | D        | Reached skill level 27 in Earth Magic
  4817 | D        | Reached XP level 14. HP: 72/72 MP: 36/47
  5111 | D        | Found Baumni's Assorted Antiques.
  5111 | D        | Found Zuhiejuc's Distillery.
  5111 | D        | Found Boshrenea's Antique Armour Boutique.
  5111 | D        | Found Nales's Book Shoppe.
  5111 | D        | Found Moenkaohe's Distillery.
  5111 | D        | Found Gaklocetz's Magic Scroll Emporium.
  5111 | D        | Found Gyvvoumn's Jewellery Shop.
  5111 | D        | Found Tuifuwuv's Antique Weapon Shop.
  5111 | D        | Found Tamyday's Gadget Emporium.
  5111 | D        | Found Fuiday's Gadget Emporium.
  5111 | D        | Found Godygak's Book Boutique.
  5157 | D        | Bought a pair of polished gloves for 228 gold pieces
  5157 | D        | Bought a runed scarf for 192 gold pieces
  5162 | D        | Identified the +1 pair of gloves "Naparir" {Harm} (You
                  | bought it in a shop in the Dungeon)
  5177 | D        | Bought a scroll of acquirement for 624 gold pieces
  5177 | D        | Bought a scroll of holy word for 90 gold pieces
  5180 | D        | Bought a potion of magic for 112 gold pieces
  5180 | D        | Bought a potion of magic for 112 gold pieces
  5180 | D        | Bought a potion of magic for 112 gold pieces
  5180 | D        | Acquired the +1 cloak "Bumato" {rF+ Str+2}
  5217 | D        | Reached skill level 5 in Fire Magic
  5464 | D        | Got an ancient emerald amulet
  5470 | D        | Identified the amulet of Life {rN+ Regen+ SInv} (You found
                  | it in the Dungeon)
  5478 | D        | Reached skill level 1 in Maces & Flails
  5478 | D        | Reached skill level 5 in Transmutations
  5684 | D        | Reached skill level 10 in Dodging
  5821 | D        | Gained mutation: Your spells are a little easier to cast,
                  | but a little less powerful. [a shining eye]
  5824 | D        | Noticed Sojobo
  5832 | D        | Slain by a swamp dragon (glowing shapeshifter)

Illustrated notes

Levels and vault maps discovered:
D:        dungeon_sprint_mu [sprint_mu_entry_forest, sprint_mu_temple_rooms,
          sprint_mu_d1_horrors, sprint_mu_d2_genie, sprint_mu_d3_branching,
          sprint_mu_orc_legion, sprint_mu_elf_gauntlet, sprint_mu_hive_nellie,
          sprint_mu_lair_fedhas, sprint_mu_vaults_butterflies,
          sprint_mu_slime_circle, sprint_mu_swamp_cave, sprint_mu_snake_twists,
          sprint_mu_blade_basic, sprint_mu_crypt_fortress,
          sprint_mu_tomb_spiral, sprint_mu_vestibule_basic,
          sprint_mu_gehenna_hellfire, sprint_mu_dis_giant,
          sprint_mu_tartarus_statrot, sprint_mu_cocytus_islands, sprint_mu_zot1]

Skill      XL: |  1  2  3  4  5  6  7  8  9 10 11 12 13 14 |
---------------+-------------------------------------------+-----
Spellcasting   | 5 7 8 12 14 16 18 21 24 26 27 | 27.0
Earth Magic    | 5 8 11 13 15 17 18 21 23 27 | 27.0
Dodging        | 3 4 5 6 7 10 | 10.7
Stealth        | 3 5 6 |  6.0
Conjurations   | 1 2 3 4 5 6 8 |  8.5
Poison Magic   | 1 2 3 |  3.8
Air Magic      | 1 2 3 4 |  4.2
Fire Magic     | 3 4 6 |  6.6
Evocations     | 1 2 |  2.3
Fighting       | 1 2 3 |  3.7
Shields        | 2 4 |  4.2
Transmutations | 3 6 |  6.8
Maces & Flails | 4 |  4.3

Action                   |  1- 3 |  4- 6 |  7- 9 | 10-12 | 13-15 || total
-------------------------+-------+-------+-------+-------+-------++-------
Melee: Shillelagh        |       |       |       |       |     7 ||     7
       Headbutt          |       |       |       |       |     2 ||     2
 Cast: Sandblast         |    14 |     2 |       |     3 |       ||    19
       Stone Arrow       |     1 |       |     3 |     7 |     1 ||    12
       Lee's Rapid Decon |       |     3 |    25 |    79 |    79 ||   186
       Mephitic Cloud    |       |       |     2 |     7 |     2 ||    11
       Bolt of Magma     |       |       |       |    10 |     4 ||    14
       Petrify           |       |       |       |     2 |     2 ||     4
       Passwall          |       |       |       |       |     3 ||     3
       Shatter           |       |       |       |       |     6 ||     6
Evoke: Wand              |       |       |       |     1 |       ||     1
       Phantom mirror    |       |       |       |     1 |       ||     1
       Condenser vane    |       |       |       |     1 |       ||     1
  Use: Potion            |     1 |       |       |     2 |     2 ||     5
       Scroll            |       |       |       |     1 |     3 ||     4
 Stab: Sleeping          |       |       |       |       |     1 ||     1
Armor: Robe              |       |       |     2 |       |     4 ||     6
Dodge: Dodged            |     1 |       |     4 |    14 |    17 ||    36
Block: Other             |       |       |       |     1 |     8 ||     9

Table legend: (Time is in decaauts)
 A = Elapsed time spent in this place.
 B = Non-inter-level travel time spent in this place.
 C = Inter-level travel time spent in this place.
 D = Time resting spent in this place.
 E = Time spent auto-exploring this place.
 F = Levels seen in this place.
 G = Mean time per level.
                   A        B        C        D        E       F      G
               +--------+--------+--------+--------+--------+-----+--------+
         Total |   5875 |   5803 |     72 |   4161 |      1 |   1 | 5875.0 |
       Dungeon |   5875 |   5803 |     72 |   4161 |      1 |   1 | 5875.0 |
               +--------+--------+--------+--------+--------+-----+--------+

Top non-repeatable levels by time:
       D: 5875 daAuts
